Cogmind - Beta 14 --- EXPLORER MODE // 2024.09.12 @ 20:29:26 Player: Wisdomtree Result: Self-destructed Performance ------------- Evolutions (0) 0 Regions Visited (4) 800 Robots Destroyed (23) 115 Value Destroyed (504) 504 Prototype IDs (25) 500 Alien Tech Used (0) 0 Bonus (0) 0 TOTAL SCORE: 1919 Bonus ------- None Cogmind --------- Core Integrity 204/250 Matter 300/300 Energy 250/250 System Corruption 1% Temperature Cool (0) Movement Treading (320) Ox2 Location -9/Mines Parts ------- > --- POWER (1) -------- Ion Engine > --- PROPULSION (2) --- Light Treads Light Treads > --- UTILITY (3) ------ Huge Storage Unit Sensor Array Light Armor Plating (fused) > --- WEAPON (2) ------- Assault Rifle Light Assault Rifle > --- INVENTORY (25) --- Ion Engine Light Treads ECM Suite ECM Suite ECM Suite ECM Suite ECM Suite ECM Suite ECM Suite ECM Suite AWS/Gauss Rocket Launcher Makeshift Sword Peak State ------------ > --- POWER ------------ Ion Engine > --- PROPULSION ------- Light Treads Light Treads > --- UTILITY ---------- Huge Storage Unit Sensor Array Light Armor Plating > --- WEAPON ----------- Assault Rifle Light Assault Rifle > --- INVENTORY -------- Ion Engine Light Treads ECM Suite ECM Suite ECM Suite ECM Suite ECM Suite ECM Suite ECM Suite ECM Suite AWS/Gauss Rocket Launcher Makeshift Sword [Rating: 11] Favorites ----------- Power Ion Engine Engine Ion Engine Propulsion Light Treads Treads Light Treads Utility Light Armor Plating Device Sensor Array Storage Huge Storage Unit Protection Light Armor Plating Weapon Light Assault Rifle Ballistic Gun Light Assault Rifle Build | -11 -10 -10 -10 -9 ------- Run | Yrd Mat Min Exi Min Slots Evolved 1 | . 1 . . . Power . | . . . . . Propulsion . | . . . . . Utility 1 | . 1 . . . Weapon . | . . . . . Parts Attached 13 | 8 4 . 1 . Power 2 | 2 . . . . Engine 2 | 2 . . . . Core . | . . . . . Reactor . | . . . . . Propulsion 2 | 2 . . . . Treads 2 | 2 . . . . Leg . | . . . . . Wheel . | . . . . . Hover . | . . . . . Flight . | . . . . . Utility 6 | 2 3 . 1 . Device 2 | . 1 . 1 . Storage 2 | 1 1 . . . Processor . | . . . . . Hackware . | . . . . . Protection 2 | 1 1 . . . Artifact . | . . . . . Weapon 3 | 2 1 . . . Energy Gun . | . . . . . Energy Cannon . | . . . . . Ballistic Gun 3 | 2 1 . . . Ballistic Cannon . | . . . . . Launcher . | . . . . . Special Weapon . | . . . . . Impact Weapon . | . . . . . Slashing Weapon . | . . . . . Piercing Weapon . | . . . . . Special Melee Weapon . | . . . . . Unidentified Prototypes . | . . . . . Parts Lost . | . . . . . Power . | . . . . . Propulsion . | . . . . . Utility . | . . . . . Weapon . | . . . . . Highest Loss Streak . | . . . . . To Critical Strikes . | . . . . . Average Slot Usage (%) 98 | . 94 100 99 100 Engine 12 | . 12 12 12 12 Treads 25 | . 25 25 25 25 Device 10 | . 7 12 11 12 Storage 12 | . 12 12 12 12 Protection 11 | . 11 12 12 12 Ballistic Gun 25 | . 25 25 25 25 Peak Build Rating 11 | 7 9 9 11 11 Average Rating 8 | 4 7 9 9 11 On Entrance 7 | . 7 9 9 11 Naked Turns . | . . . . . Heaviest Build 92 | 21 92 92 92 92 Greatest Support 40 | 40 40 40 40 40 Greatest Overweight (x) 2 | . 2 2 2 2 Average Overweight (x) 1 | . . 2 2 2 Largest Inventory Capacity 25 | 10 25 25 25 25 Average Capacity 22 | 8 19 25 25 25 Most Carried 14 | 2 10 11 14 14 Average Carried 9 | . 5 10 12 14 Final Capacity 25 | 10 25 25 25 25 Final Carried 14 | 2 10 11 14 14 Class Distribution -------------------- 100% | Hacker-Mutant Dominant Class ---------------- Hacker-Mutant | -10/Materials Hacker-Mutant | -10/Mines Hacker-Mutant | -10/Exiles Hacker-Mutant | -9/Mines Resources | -11 -10 -10 -10 -9 ----------- Run | Yrd Mat Min Exi Min Matter Collected 591 | 193 263 65 . 70 Remotely . | . . . . . Salvage Created 745 | . 524 71 . 150 Parts 44 | . 37 5 . 2 Haulers Intercepted 2 | . 2 . . . Recyclers Shooed 1 | . . . . 1 Parts Field Recycled . | . . . . . Retrieved Matter . | . . . . . Parts Self-Destructed . | . . . . . Prevented . | . . . . . Kills | -11 -10 -10 -10 -9 ------- Run | Yrd Mat Min Exi Min Combat Hostiles Destroyed 19 | . 13 2 . 4 Guns 19 | . 13 2 . 4 Classes Destroyed 8 | . 4 . . 4 Worker 1 | . . . . 1 Hauler 2 | . 2 . . . Recycler 1 | . . . . 1 Watcher 3 | . 3 . . . Swarmer 6 | . 6 . . . Grunt 9 | . 7 2 . . Demolisher 1 | . . . . 1 Assembled 3 | . . . . 3 Best Kill Streak 5 | . 3 2 . 5 Combat Bots Only 4 | . 3 2 . 4 Max Kills in Single Turn 1 | . 1 1 . 1 Gunslinging . | . . . . . Exploded . | . . . . . Melee . | . . . . . Uniques/NPCs Destroyed . | . . . . . Combat | -11 -10 -10 -10 -9 -------- Run | Yrd Mat Min Exi Min Hostile Shots Fired 85 | . 69 7 . 9 Missed 28 | . 26 1 . 1 Damage Taken 385 | . 252 58 . 75 Core 46 | . 28 . . 18 Absorbed by Shields . | . . . . . Ignored by Resistances 248 | . 168 34 . 46 Regen/Repaired (Parts) 54 | . 54 . . . Core Remaining (%) 100 | 100 . . . . Volleys Fired 55 | . 40 7 . 8 Largest 2 | . 2 2 . 2 Hottest 40 | . 40 40 . 40 Shots Fired 110 | . 80 14 . 16 Gun 110 | . 80 14 . 16 Cannon . | . . . . . Launcher . | . . . . . Special . | . . . . . Kinetic 110 | . 80 14 . 16 Thermal . | . . . . . Explosive . | . . . . . Electromagnetic . | . . . . . Robot Hit Streak 17 | . 17 9 . 5 Robot Miss Streak 2 | . 2 1 . 1 Penetration Max . | . . . . . Secondary Targets 4 | . 2 . . 2 Max Gunslinging Chain 1 | . 1 . . 1 Shots Hit Robots 79 | . 58 10 . 11 Core Hits 43 | . 30 5 . 8 Critical Kills . | . . . . . Critical Parts Destroyed 1 | . . . . 1 Critical Strikes 1 | . . . . 1 Destroy 1 | . . . . 1 Melee Attacks . | . . . . . Impact . | . . . . . Slashing . | . . . . . Piercing . | . . . . . Sneak Attacks . | . . . . . Combat Hostiles . | . . . . . Follow-up Attacks . | . . . . . Damage Inflicted 898 | . 648 108 . 142 Guns 871 | . 633 99 . 139 Cannons . | . . . . . Explosions . | . . . . . Melee . | . . . . . Ramming 27 | . 15 9 . 3 Kinetic 871 | . 633 99 . 139 Thermal . | . . . . . Explosive . | . . . . . Electromagnetic . | . . . . . Impact . | . . . . . Slashing . | . . . . . Piercing . | . . . . . Highest Corruption 1 | . 1 1 1 1 Average Corruption 1 | . 1 1 1 1 Corruption Purged . | . . . . . Corruption Blocked . | . . . . . Effects 22 | . 6 11 4 1 Message Errors 6 | . 1 4 . 1 Matter Fused 6 | . 2 1 3 . Heat Flow Errors 2 | . 2 . . . Energy Discharges 2 | . 1 1 . . Parts Rejected 1 | . . . 1 . Parts Fused 1 | . . 1 . . Data Loss (minor) 3 | . . 3 . . Data Loss (major) 1 | . . 1 . . Overload Shots . | . . . . . Overflow Damage . | . . . . . Projectiles . | . . . . . Explosions . | . . . . . Melee . | . . . . . Knockbacks . | . . . . . Impact . | . . . . . Kinetic . | . . . . . Secondary . | . . . . . Self-Inflicted Damage . | . . . . . Shots . | . . . . . Rammed 4 | . 2 2 . . Targets Rammed 5 | . 2 2 . 1 Kicked . | . . . . . Crushed 1 | . . . . 1 Highest Temperature 214 | . 214 28 . 50 Average Temperature 30 | . 33 16 . 25 Received Heat Transfer 261 | . 150 51 . 60 Siege Activations . | . . . . . Robots Corrupted . | . . . . . Combat Hostiles . | . . . . . Parts Fried . | . . . . . Impact Corruptions . | . . . . . Robots Melted . | . . . . . Combat Hostiles . | . . . . . Parts Melted . | . . . . . Heat Transferred . | . . . . . Parts Sabotaged . | . . . . . Parts Stolen . | . . . . . Parts Stripped . | . . . . . Power Chain Reactions . | . . . . . Alert | -11 -10 -10 -10 -9 ------- Run | Yrd Mat Min Exi Min Peak Influence 155 | . 155 63 . 31 Initial 13 | . . 13 . . Average 34 | . 77 4 . 17 Maximum Alert Level . | . . . . . Low Security (%) 100 | 100 100 100 . 100 Level 1 . | . . . . . Level 2 . | . . . . . Level 3 . | . . . . . Level 4 . | . . . . . Level 5 . | . . . . . High Security . | . . . . . Max Security . | . . . . . Squads Dispatched 1 | . 1 . . . Investigation 1 | . 1 . . . Extermination . | . . . . . Reinforcement . | . . . . . Assault . | . . . . . Garrison . | . . . . . Intercept . | . . . . . Searches Triggered . | . . . . . Construction Impeded . | . . . . . Haulers Reinforced . | . . . . . Active Scanning Responses . | . . . . . Cargo Convoy Interrupts . | . . . . . Stealth | -11 -10 -10 -10 -9 --------- Run | Yrd Mat Min Exi Min Distress Signals 3 | . 3 . . . Communications Jammed . | . . . . . Distress Signals . | . . . . . Times Spotted 29 | . 18 2 . 9 Peak Tracking Total 7 | . 3 2 . 7 Tactical Retreats 1 | . . . . 1 Traps | -11 -10 -10 -10 -9 ------- Run | Yrd Mat Min Exi Min Traps Triggered 2 | . 2 . . . Indirectly . | . . . . . Trap Hack Attempts . | . . . . . Triggered . | . . . . . Disarmed . | . . . . . Reprogrammed . | . . . . . Reused . | . . . . . Traps Extracted . | . . . . . Installed . | . . . . . Triggered . | . . . . . Machines | -11 -10 -10 -10 -9 ---------- Run | Yrd Mat Min Exi Min Machines Disabled . | . . . . . Max in Single Turn . | . . . . . Machines Repaired . | . . . . . Machines Dismantled . | . . . . . Machines Sabotaged . | . . . . . Overloaded Fab Kills . | . . . . . Hacking | -11 -10 -10 -10 -9 --------- Run | Yrd Mat Min Exi Min Machines Accessed 9 | . 8 . 1 . Terminals 7 | . 7 . . . Fabricators . | . . . . . Repair Stations 1 | . 1 . . . Recycling Units . | . . . . . Scanalyzers . | . . . . . Garrison Access . | . . . . . Total Hacks 20 | . 19 . 1 . Successful 16 | . 15 . 1 . Failed 4 | . 4 . . . Catastrophic . | . . . . . Database Lockouts . | . . . . . Manual 2 | . 1 . 1 . Terminals 17 | . 17 . . . Fabricators . | . . . . . Repair Stations 2 | . 2 . . . Recycling Units . | . . . . . Scanalyzers . | . . . . . Garrison Access . | . . . . . Terminal Hacks 14 | . 13 . 1 . Prototype ID Bank 1 | . 1 . . . Emergency Access Points 1 | . 1 . . . Terminal Index 1 | . 1 . . . Locate Traps 2 | . 2 . . . Security Status 1 | . 1 . . . Patrol Status 1 | . 1 . . . Transport Status 1 | . 1 . . . Hauler Manifests 2 | . 2 . . . Registered Components 1 | . 1 . . . Registered Prototypes 1 | . 1 . . . Zone Layout 1 | . 1 . . . Derelict Proto ID Bank 1 | . . . 1 . Fabricator Hacks . | . . . . . Repair Station Hacks 2 | . 2 . . . Scan Component 1 | . 1 . . . Repair 1 | . 1 . . . Recycling Unit Hacks . | . . . . . Scanalyzer . | . . . . . Garrison Access Hacks . | . . . . . Unauthorized Hacks . | . . . . . Terminals . | . . . . . Fabricators . | . . . . . Repair Stations . | . . . . . Recycling Units . | . . . . . Scanalyzers . | . . . . . Garrison Access . | . . . . . Data Cores Recovered . | . . . . . Used . | . . . . . Hacking Detections 6 | . 6 . . . Full Trace Events 1 | . 1 . . . Feedback Events . | . . . . . Feedback Blocked . | . . . . . Robot Schematics Acquired . | . . . . . Robots Built . | . . . . . Authchips . | . . . . . Time . | . . . . . Total Robot Build Rating . | . . . . . Part Schematics Acquired . | . . . . . Parts Built . | . . . . . Authchips . | . . . . . Time . | . . . . . Total Part Build Rating . | . . . . . Parts Repaired 1 | . 1 . . . Time 26 | . 26 . . . Parts Recycled . | . . . . . Recycled Matter . | . . . . . Retrieved Matter . | . . . . . Retrieved Components . | . . . . . Parts Scanalyzed . | . . . . . Part Schematics Acquired . | . . . . . Parts Damaged . | . . . . . Bothacking | -11 -10 -10 -10 -9 ------------ Run | Yrd Mat Min Exi Min Used RIF Installer . | . . . . . Robots Hacked . | . . . . . Non-combat . | . . . . . Combat . | . . . . . Robot Hacks Applied . | . . . . . Relay Couplers Released . | . . . . . Fabnet Peak Effective % . | . . . . . Robots Rewired 4 | . . . 4 . Allies Hacked . | . . . . . Hacks Repelled . | . . . . . Allies | -11 -10 -10 -10 -9 -------- Run | Yrd Mat Min Exi Min Total Allies 4 | . . . 4 . Largest Group 4 | . . . 4 4 Highest-Rated Group 58 | . . . 58 58 Highest-Rated Ally 21 | . . . 21 21 Total Orders . | . . . . . Ally Attacks 4 | . . . . 4 Total Damage 53 | . . . . 53 Kills 1 | . . . . 1 Allies Corrupted . | . . . . . Allies Melted . | . . . . . Intel | -11 -10 -10 -10 -9 ------- Run | Yrd Mat Min Exi Min Robot Analysis Total . | . . . . . Derelict Logs Recovered 1 | . . 1 . . Drone Launches . | . . . . . Drone Recoveries . | . . . . . Exploration | -11 -10 -10 -10 -9 ------------- Run | Yrd Mat Min Exi Min Turns Passed 3984 | 78 1272 1622 909 103 Spaces Moved 1313 | 43 472 494 280 24 Core 3 | 3 . . . . Treads 1310 | 40 472 494 280 24 Legs . | . . . . . Wheels . | . . . . . Hover . | . . . . . Flight . | . . . . . Fastest Speed 50 | 50 160 320 320 320 Average Speed 282 | 152 231 320 320 320 Slowest Speed 320 | 160 320 320 320 320 Overloaded Moves . | . . . . . Propulsion Burnouts . | . . . . . Robots Hopped . | . . . . . Cave-ins Triggered . | . . . . . Exploration Rate (%) 54 | 4 90 89 76 11 Regions Visited 4 Branch Regions 3 Pre-discovered Areas 1 | . . 1 . . Known Exits Taken 4 | 1 1 1 1 . Unknown Exits Taken . | . . . . . Scrap Searched . | . . . . . Spaces Dug . | . . . . . Terrain Destroyed . | . . . . . Melee . | . . . . . Projectile . | . . . . . AOE . | . . . . . Terrain Rammed . | . . . . . Walls Destroyed . | . . . . . Machines Disabled . | . . . . . Actions | -11 -10 -10 -10 -9 --------- Run | Yrd Mat Min Exi Min Total 1474 | 52 575 520 294 33 Wait 62 | . 45 17 . . Move 1309 | 42 471 493 279 24 Hop . | . . . . . Pick Up 14 | 1 10 1 2 . Fast Attach 12 | 8 3 . 1 . Attach 1 | . 1 . . . Detach 2 | 1 1 . . . Swap . | . . . . . Drop 2 | . 2 . . . Fire 55 | . 40 7 . 8 Melee . | . . . . . Ram . | . . . . . Kick . | . . . . . Crush 5 | . 2 2 . 1 Escape Stasis . | . . . . . Rewire 12 | . . . 12 . Trap . | . . . . . Miscellaneous . | . . . . . Route ------- -11/Scrapyard -10/Materials (discovered 4 exits: *Mat x3 / *Min) -10/Mines (discovered 3 exits: *Mat / *Exi / *Sub) -10/Exiles (discovered 2 exits: *Min x2) -9/Mines History --------- Turn | Location | Event 9 | -11/Scrapyard | Identified exit to Materials 9 | -11/Scrapyard | Discovered exit to Materials (range 14) 79 | -11/Scrapyard | Entered Materials 79 | -10/Materials | Evolved 1 slot: Utility x1 282 | -10/Materials | Identified exit to Materials 282 | -10/Materials | Discovered exit to Materials (range 12) 311 | -10/Materials | Build established: Hacker-Mutant 462 | -10/Materials | Discovered exit to Materials (range 5) 556 | -10/Materials | Identified exit to Mines 556 | -10/Materials | Discovered exit to Mines (range 9) 1095 | -10/Materials | Repaired Lgt. Armor Plating 1173 | -10/Materials | Discovered exit to Materials (range 16) 1351 | -10/Materials | Entered Mines 1456 | -10/Mines | Found a hidden stash of uninstalled traps 1978 | -10/Mines | Received a Rocket Launcher from a helpful Derelict 2440 | -10/Mines | Learned location of Storage (-8) 2535 | -10/Mines | Discovered exit to Materials (range 8) 2640 | -10/Mines | Identified exit to Subcaves 2640 | -10/Mines | Discovered exit to Subcaves (range 12) 2880 | -10/Mines | Learned location of 1 exit from Materials 2957 | -10/Mines | Deemed a non-threat by the Exiles lab entrance 2960 | -10/Mines | Identified exit to Exiles 2960 | -10/Mines | Discovered exit to Exiles (range 5) 2973 | -10/Mines | Entered Exiles 2973 | -10/Exiles | Found Exiles lab destroyed 3021 | -10/Exiles | Identified exit to Mines 3021 | -10/Exiles | Discovered exit to Mines (range 15) 3290 | -10/Exiles | Opened EX-Vault 3306 | -10/Exiles | Found AWS/Gauss 3840 | -10/Exiles | Discovered exit to Mines (range 12) 3882 | -10/Exiles | Entered Mines 3882 | -9/Mines | Accompanied by 4 allies 3883 | -9/Mines | Assembled infested the area 3985 | -9/Mines | Self-destructed Last Messages --------------- 03928_ Destroyed Asb. Rifle. 03928_ K-01 Serf collects debris. 03930_ Slug penetrates Earth. 03930_ as-43797 destroyed. 03930_ Acquired 16 matter. 03932_ K-01 Serf collects debris. 03939_ R-06 Scavenger collects Launcher Guidance Computer. 03942_ K-01 Serf collects debris. 03943_ U-05 Engineer lays Concrete. 03943_ R-06 Scavenger collects Lgt. Deuterium Engine. 03944_ The unstable cave ceiling collapses. 03945_ FYAO6MTUXEKAS//S/HS>LUBB 03945_ U-05 Engineer lays Concrete. 03950_ K-01 Serf collects debris. 03962_ Acquired 20 matter. 03982_ Crushed R-06 Scavenger. 03982_ R-06 Scavenger destroyed. 03983_ Acquired 34 matter. Map ----- +----------------------------------------------------+ | ?????????????????????????????????????????????? | | ?????????????????????????????????????????????? | | ?????????????????????????????????????????????? | | ?????????????????????????????????????????????? | | ?????????????????????????????????????????????? | | ?????????????????????????????????????????????? | | ?????????????????????????????????????????????? | | ?????????????????????????????????????????????? | | ?????????????????????????????????????????????? | | ?????????????????????????????????????????????? | | ?????????????????????????????????????????????? | | ?????????????????????????????????????????????? | | ?????????????????????????????????????????????? | | ?????????????????????????????????????????????? | | ?????????????????????????????????????????????? | | ?????????????????????????????????????????????? | | ?????????????????????????????????????????????? | | ?????????????????????????????????????????????? | | ?????????????????????????????????????????????? | | ?????????????????????????????????????????????? | | ????????????????????????###??????????????????? | | ???????????????????????? #??????????????????? | | ????????????????????????# #??????????#???????? | | ????????????????????????#*#????????? ????????? | | ????????????????????????#*#???????? #????????? | | ????????????????????????#@#???????? #????????? | | ???????????????????????##!##?????? #????????? | | ??????????????????????##gh ##???? #????????? | | ??????????????????????# gh ##??# #????????? | | ??????????????????????# ### #????????? | | ??????????????????????## ##???????? | | ???????????????????????## #???????? | | ????????????????????????##### #???????? | | ????????????????????????????# ## ###?????? | | ????????????????????????????# #?# #?????? | | ?????????????????#######????# #?? ###???? | | ?????????????????# #????# #??? % ##??? | | ?????????????????# ###### ### % #??? | | ?????????????????# ## #??? | | ?????????????????# ## ### % #???? | | ?????????????????# ## # % ##???? | | ?????????????????# ## %%% #????? | | ?????????????????######### % #????? | | ?????????????????????????##### ## ##????? | | ??????????????????????????????# ###?? #?????? | | ???????????????????????????????##????? ????? | | ??????????????????????????????????????? ???? | | ???????????????????????????????????????? ???? | | ?????????????????????????????????????????????? | | ?????????????????????????????????????????????? | +----------------------------------------------------+ Best States ------------- Heat Dissipation 25 Energy Generation 10 Energy Capacity 250 Matter Stores 300 Matter Capacity 300 Sight Range 16 Robot Scan Range 14 Terrain Scan Density 10 Armor Coverage 150 Resistance: KI 35 Resistance: TH 35 Resistance: EX 35 Resistance: EM 35 Resistance: I 35 Resistance: S 35 Resistance: P 35 Evasion (%) 40 Recoil Reduction 2 Offensive Hacking 20 Item Schematics ----------------- None Robot Schematics ------------------ None Fabricated ------------ Nothing Alien Tech Used ----------------- None Achievements -------------- None Challenges ------------ None Game ------ Seed wisdomtree Manual? 1 Play Time 00:21:28 Cumulative 19.4 hours Start 2024.09.12 @ 20:01:33 End 2024.09.12 @ 20:29:26 Sessions 1 Manual Loads 0 Difficulty Explorer Special Mode None Game No. 9 Rogue 0 Adventurer 0 Explorer 9 Win Type - Total 0 Types 0/0/0/0/0/0/0/0/0 Lore% 10 Gallery% 17 Achievement% 20 Wizard Run 0 Options --------- Layout 1 ASCII 0 Keyboard 1 Movement Numpad Keybinds 0 Fullscreen 1 Font 32/SmallcapsGlow Map View 50x40 Zoom Use 0% Tactical HUD 1 Map Filters NONE Filters NONE Steam 1 RUN: c5246107-98da-44d6-a780-3bc5192c1a1a